 Dungeon Crawl Stone Soup version 0.21.1-1-g345015fe64 (webtiles) character file.

641 PikkenKukken the Cudgeler (level 7, 0/39 HPs)
             Began as a Gargoyle Fighter on June 7, 2018.
             Was a Priest of Makhleb.
             Slain by a water moccasin (2 damage)
             ... on level 5 of the Dungeon.
             The game lasted 00:09:44 (2920 turns).

PikkenKukken the Cudgeler (Gargoyle Fighter)        Turns: 2920, Time: 00:09:45

Health: 0/39       AC: 19    Str: 26    XL:     7   Next: 51%
Magic:  6/7        EV: 10    Int:  8    God:    Makhleb [***...]
Gold:   167        SH:  0    Dex: 12    Spells: 5/7 levels left

rFire    . . .     SeeInvis .   m - +1 mace (protect)
rCold    . . .     Gourm    .   (no shield)
rNeg     + . .     Faith    .   b - +0 scale mail
rPois    ∞         Spirit   .   (no helmet)
rElec    +         Reflect  .   (no cloak)
rCorr    .         Harm     .   l - +0 pair of gloves
MR       .....                  (no boots)
Stlth    ..........             (no amulet)
HPRegen  0.13/turn              (no ring)
MPRegen  0.10/turn              (no ring)

@: mighty, protection aura, flying
A: big wings, thin metallic scales 1, agile 1, deformed body, frail 1, low mp 1,
negative energy resistance 1, electricity resistance, unbreathing, petrification
resistance, rot immunity, AC +4
a: Stop Flying, Minor Destruction, Lesser Servant of Makhleb, Renounce Religion


You were on level 5 of the Dungeon.
You worshipped Makhleb.
Makhleb was most pleased with you.
You were not hungry.

You visited 1 branch of the dungeon, and saw 5 of its levels.

You collected 167 gold pieces.

Inventory:

Hand Weapons
 a - a +0 flail
 m - a +1 mace of protection (weapon)
Missiles
 j - 17 bolts
Armour
 b - a +0 scale mail (worn)
 l - a +0 pair of gloves (worn)
Jewellery
 g - an uncursed ring of protection from cold
 i - an uncursed ring of teleportation
 q - an uncursed ring of poison resistance
Scrolls
 e - 4 scrolls of remove curse
 h - 5 scrolls of identify
 o - a scroll of amnesia
 p - a scroll of noise {unknown}
 r - a scroll of fog
Potions
 c - 2 potions of cancellation
 n - a potion of brilliance
Books
 s - a book of Minor Magic

   Spells                             Type                      Level
   a - Magic Dart                     Conjuration                  1
   b - Blink                          Translocation                2
   c - Call Imp                       Summoning                    2
   d - Slow                           Hexes                        2
   e - Conjure Flame                  Conjuration/Fire             3
   f - Mephitic Cloud                 Conjuration/Poison/Air       3
Comestibles
 f - 6 rations


   Skills:
 + Level 5.1 Fighting
 + Level 5.5 Maces & Flails
 + Level 5.2 Armour
 + Level 1.5 Dodging
   Level 3.2 Shields
 * Level 0.6 Spellcasting
 * Level 0.6 Translocations


You had 5 spell levels left.
You knew the following spells:

 Your Spells              Type           Power        Failure   Level  Hunger
a - Blink                 Tloc           N/A          69%         2    ###....


Dungeon Overview and Level Annotations

Branches:
Dungeon (5/15)             Temple (0/1) D:5

Altars:
Cheibriados
Makhleb
Nemelex Xobeh
Vehumet
Xom
The Shining One


Innate Abilities, Weirdness & Mutations

You are resistant to torment.
Your stone body is resilient. (AC +4)
You are immune to poison.
You resist negative energy. (rN+)
You are resistant to electric shocks. (rElec)
You can survive without breathing.
You are immune to petrification.
You are immune to rotting.
Your large and strong wings let you fly indefinitely.
You are partially covered in thin metallic scales. (AC +2)
You are agile. (Dex +2)
Armour fits poorly on your strangely shaped body.
You are frail. (-10% HP)
Your magical capacity is low. (-10% MP)


Message History

The water moccasin bites you but does no damage.
You closely miss something. Something hits you!
* * * LOW HITPOINT WARNING * * *
The water moccasin misses you.
You sock something!
Your weapon exudes an aura of protection.
Makhleb accepts your kill.
You can now summon a lesser servant of Makhleb.
You feel better.
Reactivating autopickup.
You feel a bit more experienced.
The water moccasin bites you but does no damage.
The water moccasin bites you.
* * * LOW HITPOINT WARNING * * *
Okay, then.
You sock the adder!
You kill the adder!
Makhleb accepts your kill. The water moccasin bites you.
You die...

.# #..## #.#
.# ##..## .#
.# #...## #
.# #.#..# .#
. .# #.##.#
.##.. .#
#.##.# .....
.# #.##.#
###..# .#
#.##.###.)..#
## #.


#lhhS@# #Zh#### #..# ..... ### #...#Z# ..# ....#... ..# .#.#. ...# ..# ..#. ...
..# You could see a water moccasin, a bullfrog zombie, a leopard gecko and 3
jackals.

Vanquished Creatures
  An ogre (D:4)
  A phantom (D:5)
  Blork the orc (D:5)
  2 hounds (D:4)
  2 centaur skeletons
  4 worker ants
  A hound skeleton (D:4)
  5 adders
  5 worms
  4 dart slugs
  5 leopard geckos
  13 orcs
  4 bats
  4 giant cockroaches
  9 goblins
  10 hobgoblins
  5 jackals
  4 quokkas
  3 ball pythons
  A ball python skeleton (D:4)
  2 frilled lizards (D:2)
  12 kobolds
  A quokka skeleton (D:4)
  A quokka zombie (D:5)
  6 rats
106 creatures vanquished.

Notes
Turn   | Place    | Note
-------+----------+-------------------------------------------
     0 | D:1      | PikkenKukken the Gargoyle Fighter began the quest for the Orb.
     0 | D:1      | Reached XP level 1. HP: 14/14 MP: 1/1
   120 | D:1      | Reached XP level 2. HP: 19/19 MP: 2/2
   424 | D:1      | Reached XP level 3. HP: 21/24 MP: 3/3
   768 | D:2      | Gained mutation: Your body sometimes deteriorates upon taking damage. [potion of mutation]
   768 | D:2      | Gained mutation: Armour fits poorly on your strangely shaped body. [potion of mutation]
   768 | D:2      | Gained mutation: Your large and strong wings let you fly indefinitely. [potion of mutation]
   768 | D:2      | Gained mutation: You are agile. (Dex +2) [potion of mutation]
   769 | D:2      | Lost mutation: Your body sometimes deteriorates upon taking damage. [potion of mutation]
   769 | D:2      | Gained mutation: You are frail. (-10% HP) [potion of mutation]
   769 | D:2      | Gained mutation: Your magical capacity is low. (-10% MP) [potion of mutation]
   769 | D:2      | Gained mutation: You are partially covered in thin metallic scales. (AC +2) [potion of mutation]
   837 | D:2      | Found a faded altar of an unknown god.
   939 | D:2      | Became a worshipper of Makhleb the Destroyer
   939 | D:2      | Reached * piety under Makhleb
  1326 | D:3      | Found a glowing golden altar of the Shining One.
  1333 | D:3      | Reached XP level 4. HP: 26/26 MP: 3/3
  1782 | D:3      | Reached ** piety under Makhleb
  1947 | D:3      | Reached XP level 5. HP: 25/29 MP: 4/4
  2017 | D:3      | Found a radiant altar of Vehumet.
  2175 | D:4      | Noticed an ogre
  2182 | D:4      | Killed an ogre
  2182 | D:4      | Reached skill level 1 in Dodging
  2183 | D:4      | Found a snail-covered altar of Cheibriados.
  2185 | D:4      | Reached XP level 6. HP: 25/35 MP: 5/5
  2195 | D:4      | Found a sparkling altar of Nemelex Xobeh.
  2396 | D:4      | Reached skill level 5 in Armour
  2588 | D:4      | Found a shimmering altar of Xom.
  2647 | D:5      | Entered Level 5 of the Dungeon
  2650 | D:5      | Noticed a phantom
  2709 | D:5      | Killed a phantom
  2709 | D:5      | Reached skill level 5 in Fighting
  2709 | D:5      | Reached skill level 5 in Maces & Flails
  2709 | D:5      | Reached XP level 7. HP: 27/39 MP: 6/6
  2799 | D:5      | Learned a level 2 spell: Blink
  2844 | D:5      | Found a staircase to the Ecumenical Temple.
  2897 | D:5      | Noticed Blork the orc
  2919 | D:5      | Killed Blork the orc
  2919 | D:5      | Reached *** piety under Makhleb
  2920 | D:5      | Slain by a water moccasin

Skill      XL: |  1  2  3  4  5  6 |
---------------+-------------------+-----
Armour         | 4 5 |  5.2
Fighting       | 4 5 |  5.1
Maces & Flails | 3 4 5 |  5.5
Dodging        | 1 |  1.5
Shields        | |  3.2
Spellcasting   | |  0.6
Translocations | |  0.6

Action                   |  1- 3 |  4- 6 |  7- 9 || total
-------------------------+-------+-------+-------++-------
Melee: Flail             |   142 |    95 |       ||   237
       Mace              |       |   109 |    34 ||   143
 Abil: Fly               |       |     1 |       ||     1
  Use: Scroll            |     4 |     3 |       ||     7
       Potion            |     7 |     3 |     1 ||    11
  Eat: Chunk             |     2 |     4 |     1 ||     7
Armor: Scale mail        |    98 |   151 |    30 ||   279
Dodge: Dodged            |    90 |   136 |    30 ||   256
